 Dungeon Crawl Stone Soup version 0.31.0-32-g396128a36d (webtiles) character file.

Game seed: 4224225118777741484

32 spaghetti the Slasher (level 3, 0/51 HPs)
             Began as a Naga Berserker on Mar 24, 2024.
             Was a Follower of Trog.
             Slain by a cerulean imp
             ... wielding a +2 spear
             ... summoned by Natasha
              (5 damage)
             ... on level 2 of the Dungeon.
             The game lasted 00:01:25 (1227 turns).

spaghetti the Slasher (Naga Berserker)              Turns: 1227, Time: 00:01:26

Health: 0/51       AC:  6    Str: 19    XL:     3   Next: 27%
Magic:  3/3        EV: 10    Int:  7    God:    Trog [*.....]
Gold:   87         SH:  0    Dex: 12    Spells: 2/2 levels left

rFire   . . .        a - +1 falchion
rCold   . . .        (no shield)
rNeg    + . .        b - +0 animal skin
rPois   +            (no helmet)
rElec   .            (no cloak)
rCorr   .            (no gloves)
SInv    +            (no barding)
Will    .....        (no amulet) Stlth
                     d - ring of positive energy
HPRegen 0.28/turn    c - +4 ring of protection
MPRegen 0.08/turn

%: no passive effects
@: berserking, quick
A: AC +1, large, see invisible, deformed body, poison resistance, slowness 2,
spit poison 1, naga tail 1
a: Spit Poison, Renounce Religion, Berserk


You were on level 2 of the Dungeon.
You worshipped Trog.
Trog was aware of your devotion.
You visited 1 branch of the dungeon, and saw 2 of its levels.

You collected 87 gold pieces.

Inventory:

Hand Weapons
 a - a +1 falchion (weapon)
Armour
 b - a +0 animal skin (worn)
Jewellery
 c - a +4 ring of protection (right hand)
 d - a ring of positive energy (left hand)
Potions
 f - a potion of heal wounds
 h - a potion of magic


   Skills:
 - Level 3.0 Fighting
 + Level 4.3 Long Blades
 - Level 1.5 Armour
 - Level 1.5 Dodging


You had 2 spell levels left.
You didn't know any spells.
Your spell library was empty.

Dungeon Overview and Level Annotations

Branches:
Dungeon (2/15)

Altars:

Annotations:
D:2 Natasha


Innate Abilities, Weirdness & Mutations

Your serpentine skin is tough. (AC +1)
You have supernaturally acute eyesight. (SInv)
Armour fits poorly on your strangely shaped body.
Your system is resistant to poisons. (rPois)
You cover ground very slowly.
You can spit poison.
You have a snake-like lower body.


Message History

You are too injured to fight recklessly!
You are too injured to fight recklessly!
You are too injured to fight recklessly!
You are too injured to fight recklessly!
You are too injured to fight recklessly!
You are too injured to fight recklessly!
You are too injured to fight recklessly!
You are too injured to fight recklessly!
You are too injured to fight recklessly!
You are too injured to fight recklessly!
You are too injured to fight recklessly!
You are too injured to fight recklessly!
You are too injured to fight recklessly!
You are too injured to fight recklessly!
You are too injured to fight recklessly!
A red film seems to cover your vision as you go berserk!
You feel yourself moving faster!
You feel mighty! Natasha claws you.
The cerulean imp hits you from afar with a +2 spear.
The cerulean imp hits you but does no damage.
You slash Natasha!
Natasha is almost dead.
Natasha mumbles some strange words.
The cerulean imp hits you from afar with a +2 spear.
You closely miss Natasha.
Natasha is almost dead.
The cerulean imp hits you with a +1 spear.
The cerulean imp hits you but does no damage.
Natasha claws you.
* * * LOW HITPOINT WARNING * * *
You closely miss Natasha.
Natasha is almost dead.
The cerulean imp hits you but does no damage.
The cerulean imp barely misses you.
You barely miss Natasha.
Natasha is almost dead.
Natasha stares at you and mumbles some strange words.
The magic dart hits you!
* * * LOW HITPOINT WARNING * * *
The cerulean imp hits you from afar with a +2 spear.
You die...

.# .# .# .. .
#.#######.#.###
#...5h@5#.#....
#######5#......
#...## ###...#
#.....# #######
##.#...#
#..!...
#...####
#.##### #...#
#.# # #...#
#.#####


You could see Natasha and 3 cerulean imps.

Vanquished Creatures
  3 dart slugs (D:1)
  5 bats
  A giant cockroach (D:2)
  3 goblins
  4 hobgoblins
  2 kobolds (D:1)
  2 quokkas (D:1)
  3 frilled lizards
  A rat (D:1)
24 creatures vanquished.

Notes
Turn   | Place    | Note
-------+----------+-------------------------------------------
     0 | D:1      | spaghetti the Naga Berserker began the quest for the Orb.
     0 | D:1      | Reached XP level 1. HP: 21/21 MP: 1/1
   151 | D:1      | Reached XP level 2. HP: 15/28 MP: 2/2
   411 | D:1      | HP: 1/28 [quokka (3)]
   608 | D:1      | Reached skill level 4 in Long Blades
   732 | D:1      | Reached XP level 3. HP: 34/34 MP: 3/3
  1215 | D:2      | Noticed Natasha
  1227 | D:2      | Slain by a cerulean imp

Illustrated notes

Levels and vault maps discovered:
D:1:      erik_arrival_triangle_small, layout_basic, minmay_cupped
D:2:      layout_loops_cross, dreamdust_ecumenical_altar_hidden_monk_grotto,
          uniq_crazy_yiuf_cottage, uniq_natasha

Skill      XL: |  1  2 |
---------------+-------+-----
Long Blades    | 4 |  4.3
Fighting       | |  3.0
Armour         | |  1.5
Dodging        | |  1.5

Action                     || total
---------------------------++-------
  Melee: Falchion          ||    87
 Invoke: Berserk           ||     3
Ability: Spit Poison       ||     2
    Use: Scroll            ||     4
         Potion            ||     4
 Armour: Animal skin       ||    99
  Dodge: Dodged            ||    40
